 Dungeon Crawl Stone Soup version 0.29-a0-330-g52719c12eb (webtiles) character file.

Game seed: 15795056048964144709

99 kae the Firebug (level 4, -6/33 HPs)
             Began as a Demigod Fire Elementalist on Apr 23, 2022.
             Mangled by Sigmund
             ... wielding a +1 vorpal scythe
              (9 damage)
             ... on level 3 of the Dungeon.
             The game lasted 00:01:25 (3020 turns).

kae the Firebug (Demigod Fire Elementalist)         Turns: 3020, Time: 00:01:26

Health: -6/33      AC:  4    Str:  9    XL:     4   Next: 22%
Magic:  9/10       EV: 11    Int: 21    God:
Gold:   225        SH:  4    Dex: 16    Spells: 2/8 levels left

rFire   . . .      SeeInvis .   (no weapon)
rCold   . . .      Faith    .   o - +0 buckler
rNeg    . . .      Spirit   .   a - +0 robe
rPois   .          Reflect  .   (no helmet)
rElec   .          Harm     .   m - +0 cloak
rCorr   .          Rampage  .   (no gloves)
Will    .....                   f - +0 pair of boots
Stlth   ++........              h - amulet of Utovips {RegenMP Dex+2}
HPRegen 0.11/turn               (no ring)
MPRegen 0.52/turn               (no ring)

@: no status effects
A: high MP 1, forlorn, divine attributes
a: no special abilities


You were on level 3 of the Dungeon.
You visited 1 branch of the dungeon, and saw 3 of its levels.

You collected 225 gold pieces.

Inventory:

Hand Weapons
 d - a +1 short sword
Armour
 a - a +0 robe (worn)
 f - a +0 pair of boots (worn)
 m - a +0 cloak (worn)
 o - a +0 buckler (worn)
Jewellery
 h - the amulet of Utovips (around neck) {RegenMP Dex+2}
   (You acquired it on level 1 of the Dungeon)

   [amulet of magic regeneration]

   It increases your rate of magic regeneration.
   Dex:       It affects your dexterity (+2).
 i - an amulet of regeneration
Wands
 n - a wand of flame (24)
Scrolls
 e - a scroll of amnesia {unknown}
 q - a scroll of identify
Potions
 b - a potion of magic
 c - 2 potions of might
 g - 2 potions of haste
 j - 2 potions of resistance {unknown}
 k - a potion of curing {unknown}
 l - a potion of degeneration {unknown}
 p - 2 potions of brilliance {unknown}
 r - a potion of lignification {unknown}


   Skills:
 - Level 1.7 Dodging
 - Level 1.7 Stealth
 + Level 0.5 Shields
 + Level 2.6 Spellcasting
 + Level 2.2 Conjurations
 + Level 3.4 Fire Magic


You had 2 spell levels left.
You knew the following spells:

 Your Spells              Type           Power      Damage    Failure   Level
a - Foxfire               Conj/Fire      56%        2x1d6     6%          1
b - Scorch                Fire           34%        2d6       7%          2
c - Conjure Flame         Conj/Fire      14%        6-21      17%         3

Your spell library contained the following spells:

 Spells                   Type           Power      Damage    Failure   Level
 Inner Flame              Hex/Fire       10%        N/A       28%         3
 Flame Wave               Conj/Fire      14%        2d6       50%         4


Dungeon Overview and Level Annotations

Branches:
Dungeon (3/15)

Annotations:
D:3 Sigmund


Innate Abilities, Weirdness & Mutations

You have an increased reservoir of magic. (+10% MP)
You shall have no god before yourself.
Your divine heritage dramatically boosts your attributes as you level up.


Message History

Confirm with . or Enter, or press ? or * to list all spells.
You conjure some foxfire!
The foxfire hits Sigmund.
Sigmund is lightly wounded.
Sigmund casts a spell.
Sigmund flickers and vanishes!
Deactivating autopickup; reactivate with Ctrl-A.
The foxfire hits something.
Casting: Foxfire (safe; 6% risk of failure)
Confirm with . or Enter, or press ? or * to list all spells.
You conjure some foxfire!
The foxfire hits something. x2
Casting: Foxfire (safe; 6% risk of failure)
Confirm with . or Enter, or press ? or * to list all spells.
You conjure some foxfire!
The foxfire hits something but does no damage.
The foxfire hits something.
Casting: Foxfire (safe; 6% risk of failure)
Confirm with . or Enter, or press ? or * to list all spells.
You conjure some foxfire!
Something hits you!
The foxfire hits something but does no damage.
The foxfire hits something.
Casting: Foxfire (safe; 6% risk of failure)
Confirm with . or Enter, or press ? or * to list all spells.
You conjure some foxfire!
Something hits you.
The foxfire hits something but does no damage.
The foxfire hits something.
Something hits you.
Casting: Foxfire (safe; 6% risk of failure)
Confirm with . or Enter, or press ? or * to list all spells.
You conjure some foxfire!
The foxfire hits something.
The foxfire hits something but does no damage.
You hear some strange, mumbled words.
A puff of flame appears from out of thin air!
The puff of flame hits you!
* * * LOW HITPOINT WARNING * * *
Casting: Foxfire (safe; 6% risk of failure)
Confirm with . or Enter, or press ? or * to list all spells.
You conjure some foxfire!
Something hits you!
You die...

.. #....# .. ##.#.## #.
#....# #. ###..# #. #..#
#. #..# #.##########..#
#
######.§v..........#####
.....{.@v...####........
###########.# #.#.####.
#.# #.#...... #.#
#.######. #.####.# ## #
#...##.# # .# ##
#.#....# .# ..# #.#....#
> #### #.# #.#....#


There were no monsters in sight!

Vanquished Creatures
  A hound (D:3)
  2 adders
  3 worms
  7 endoplasms
  3 giant cockroaches
  4 goblins
  2 hobgoblins
  2 ball pythons
  6 bats
  3 frilled lizards
  6 kobolds
  2 rats (D:1)
41 creatures vanquished.

Vanquished Creatures (others)
  112 foxfires
  4 plants (D:1)
116 creatures vanquished.

Grand Total: 157 creatures vanquished

Notes
Turn   | Place    | Note
-------+----------+-------------------------------------------
     0 | D:1      | kae the Demigod Fire Elementalist began the quest for the
                  | Orb.
     0 | D:1      | Reached XP level 1. HP: 14/14 MP: 5/5
   252 | D:1      | Reached skill level 1 in Conjurations
  1066 | D:1      | Reached XP level 2. HP: 20/20 MP: 4/7
  1498 | D:1      | Identified a scroll of acquirement
  1498 | D:1      | Acquired the amulet of Utovips {RegenMP Dex+2}
  1653 | D:2      | Learned a level 2 spell: Scorch
  1663 | D:2      | Reached skill level 3 in Fire Magic
  1777 | D:2      | Reached XP level 3. HP: 26/26 MP: 9/9
  1781 | D:2      | Learned a level 3 spell: Conjure Flame
  2720 | D:3      | Reached XP level 4. HP: 25/33 MP: 3/10
  3006 | D:3      | Noticed Sigmund
  3020 | D:3      | Mangled by Sigmund

Illustrated notes

Levels and vault maps discovered:
D:1:      dpeg_arrival_circle_labyrinth_c, layout_basic, minivault_14,
          serial_bayou_lagoon_a, nrook_loot_triangle
D:2:      minmay_door_path, layout_basic, basic_ecumenical_altar
D:3:      layout_loops_ring, uniq_sigmund

Skill      XL: |  1  2  3 |
---------------+----------+-----
Conjurations   | 1 2 |  2.2
Spellcasting   | 2 |  2.6
Fire Magic     | 3 |  3.4
Dodging        | |  1.7
Stealth        | |  1.7
Shields        | |  0.5

Action                   |  1- 3 |  4- 6 || total
-------------------------+-------+-------++-------
Melee: Short sword       |     2 |       ||     2
 Cast: Foxfire           |    61 |     8 ||    69
       Scorch            |    15 |     2 ||    17
  Use: Scroll            |     5 |       ||     5
Armor: Robe              |     4 |       ||     4
Dodge: Dodged            |    18 |       ||    18

Table legend: (Time is in decaauts)
 A = Elapsed time spent in this place.
 B = Non-inter-level travel time spent in this place.
 C = Inter-level travel time spent in this place.
 D = Time resting spent in this place.
 E = Time spent auto-exploring this place.
 F = Levels seen in this place.
 G = Mean time per level.
                   A        B        C        D        E       F      G
               +--------+--------+--------+--------+--------+-----+--------+
         Total |   3039 |   2990 |     49 |      0 |   2658 |   3 | 1013.0 |
       Dungeon |   3039 |   2990 |     49 |      0 |   2658 |   3 | 1013.0 |
               +--------+--------+--------+--------+--------+-----+--------+

Top non-repeatable levels by time:
     D:1: 1558 daAuts
     D:2: 814 daAuts
     D:3: 666 daAuts
